 Dungeon Crawl Stone Soup version 0.30.1-9-gdf580d7c3d (webtiles) character file.

Game seed: 496878993190203171

133 CaptainMV the Insei (level 4, -5/33 HPs)
             Began as a Demonspawn Wanderer on Sept 25, 2023.
             Slain by a sleepcap (13 damage)
             ... on level 4 of the Dungeon.
             The game lasted 00:19:45 (1633 turns).

CaptainMV the Insei (Demonspawn Wanderer)           Turns: 1633, Time: 00:19:46

Health: -5/33      AC:  4    Str: 12    XL:     4   Next: 93%
Magic:  4/4        EV:  2    Int: 13    God:
Gold:   269        SH:  0    Dex: 15    Spells: 3/3 levels left

rFire   . . .        a - +1 mace
rCold   . . .        d - +0 buckler
rNeg    . . .        e - +1 robe
rPois   .            (no helmet)
rElec   .            (no cloak)
rCorr   .            (no gloves)
SInv    .            m - +0 pair of boots
Will    .....        (no amulet)
Stlth   ++           (no ring)
HPRegen 0.25/turn    (no ring)
MPRegen 0.09/turn

%: no passive effects
@: sleeping
A: weakness stinger 1
a: no special abilities


You were on level 4 of the Dungeon.
You visited 1 branch of the dungeon, and saw 4 of its levels.

You collected 269 gold pieces.

Inventory:

Hand Weapons
 a - a +1 mace (weapon)
Missiles
 h - 10 poisoned darts (quivered)
Armour
 d - a +0 buckler (worn)
 e - a +1 robe (worn)
 m - a +0 pair of boots (worn)
Wands
 f - a wand of digging (2)
 i - a wand of iceblast (10)
Scrolls
 b - 2 scrolls of fear
 c - 3 scrolls of blinking
 g - a scroll of identify
 j - 2 scrolls of enchant weapon
 k - 2 scrolls of teleportation
 n - a scroll of summoning {unknown}
Potions
 l - a potion of degeneration
 o - 3 potions of mutation {unknown}
 p - a potion of lignification {unknown}
 q - 3 potions of curing


   Skills:
 + Level 2.0 Fighting
 + Level 3.7 Maces & Flails
 + Level 1.1 Dodging
 + Level 0.9 Stealth
 + Level 2.1 Shields
 + Level 3.9 Unarmed Combat
 + Level 1.0 Evocations


You had 3 spell levels left.
You didn't know any spells.
Your spell library contained the following spells:

 Spells                   Type           Power      Damage    Failure   Level
 Inner Flame              Hex/Fire       0%         N/A       78%         3
 Flame Wave               Conj/Fire      0%         2d4       99%         4
 Sticky Flame             Conj/Fire      0%         2d3       99%         4


Dungeon Overview and Level Annotations

Branches:
Dungeon (4/15)
 Temple: D:4-7

Altars:


Innate Abilities, Weirdness & Mutations

You have a small tail.


Message History

You hit the dart slug.
The dart slug is heavily wounded.
The dart slug launches a dart at you. The slug dart hits you.
You hit the dart slug.
The dart slug is severely wounded.
The dart slug launches a dart at you. The slug dart misses you.
You hit the dart slug.
You kill the dart slug!
You hit the sleepcap.
The sleepcap is lightly damaged.
The sleepcap releases spores at you but does no damage.
You hit the sleepcap but do no damage.
The sleepcap is lightly damaged.
The sleepcap misses you. The sleepcap releases spores at you.
You are engulfed in a cloud of soporific spores!
You fall asleep.
The sleepcap barely misses you. The sleepcap releases spores at you.
You wake up.
You hit the sleepcap but do no damage.
The sleepcap is lightly damaged.
The sleepcap closely misses you.
You hit the sleepcap but do no damage.
The sleepcap is lightly damaged.
The sleepcap barely misses you.
You hit the sleepcap.
The sleepcap is moderately damaged.
You block the sleepcap's attack.
You hit the sleepcap. You tail-slap the sleepcap.
The sleepcap is heavily damaged.
The sleepcap barely misses you. The sleepcap releases spores at you.
You hit the sleepcap but do no damage.
The sleepcap is heavily damaged.
The sleepcap releases spores at you.
* * * LOW HITPOINT WARNING * * *
You are engulfed in a cloud of soporific spores!
You fall asleep.
The sleepcap releases spores at you!
You die...

.. #.## #..# .
#..########### ..
............###...
#.................
###................#
###...................
###.[...........@f......
.....)..........###...##
...........<.....##..##
..#...#............#
##..####...###......#
...## ##### ###......
.### #...... ## ##.... #
##..


You could see a sleepcap.

Vanquished Creatures
  An ogre (D:4)
  An adder (D:2)
  A dart slug (D:4)
  2 orcs
  3 ball pythons
  2 bats (D:2)
  2 endoplasms (D:2)
  3 goblins
  5 hobgoblins
  6 quokkas
  A frilled lizard (D:2)
  2 kobolds (D:2)
  A rat (D:2)
30 creatures vanquished.

Notes
Turn   | Place    | Note
-------+----------+-------------------------------------------
     0 | D:1      | CaptainMV the Demonspawn Wanderer began the quest for the
                  | Orb.
     0 | D:1      | CaptainMV set off with the following items: a +0 mace, a
                  | scroll of fear, 2 scrolls of blinking, a +0 buckler, a +0
                  | robe.
     0 | D:1      | Reached XP level 1. HP: 13/13 MP: 1/1
   147 | D:1      | Discovered your monstrous ancestry.
   147 | D:1      | Gained mutation: You have a small tail. [demonic ancestry]
   147 | D:1      | Reached XP level 2. HP: 19/19 MP: 2/2
   803 | D:2      | Reached XP level 3. HP: 16/25 MP: 3/3
  1592 | D:4      | Noticed an ogre
  1603 | D:4      | Killed an ogre
  1604 | D:4      | Reached skill level 1 in Dodging
  1604 | D:4      | Reached XP level 4. HP: 22/33 MP: 4/4
  1633 | D:4      | Slain by a sleepcap

Illustrated notes

Levels and vault maps discovered:
D:1:      dpeg_arrival_pits, layout_rooms
D:2:      layout_basic
D:3:      layout_loops_ring
D:4:      layout_cave_pods, minmay_temple_entry_stoned_glass, uniq_eustachio,
          uniq_edmund, uniq_duvessa

Skill      XL: |  1  2  3 |
---------------+----------+-----
Maces & Flails | 3 |  3.7
Shields        | 2 |  2.1
Fighting       | 2 |  2.0
Dodging        | 1 |  1.1
Stealth        | |  0.9
Unarmed Combat | |  3.9
Evocations     | |  1.0

Action                     |  1- 3 |  4- 6 || total
---------------------------+-------+-------++-------
  Melee: Mace              |    80 |    14 ||    94
         Tailslap          |     7 |     2 ||     9
  Throw: Dart              |     1 |       ||     1
    Use: Scroll            |     8 |       ||     8
         Potion            |     1 |       ||     1
   Stab: Sleeping          |     4 |       ||     4
 Armour: Robe              |    18 |     1 ||    19
  Dodge: Dodged            |    39 |     7 ||    46
  Block: Buckler           |    15 |     2 ||    17
